[Event "Team 45 45 League T46"]
[Site "Internet Chess Club"]
[Date "2010.08.28"]
[Round "4"]
[White "CheeryCherry"]
[Black "BishopMike"]
[Result "1-0"]
[WhiteElo "1519"]
[BlackElo "1431"]
[Opening "Sicilian: Pelikan (Lasker/Sveshnikov) variation"]
[ECO "B33"]
[Time "09:05:25"]
[TimeControl "2700+45"]

1. e4 c5 2. Nf3 Nc6 3. d4 cxd4 4. Nxd4 Nf6 5. Nc3 e5 6. Ndb5 d6 7. Bg5 a6 8. Na3
Be7 9. Nc4 Nd4 10. Be3 Ne6 11. Bb6 Qd7 12. Ba5 O-O 13. Nb6 Qd8 14. Ncd5 Nxd5 15.
Qxd5 Nf4 16. Qd2 Rb8 17. Nd5 Qe8 18. Bc7 Bg5 19. Ne3 Ra8 20. Bxd6 Be7 21. Bxe5
Ng6 22. Bc3 b6 23. Nd5 Bd6 24. O-O-O Qxe4 25. f3 Qa4 26. a3 Rb8 27. Nf6+ gxf6
28. Qxd6 Be6 29. Bxf6 Rbc8 30. Qd2 Qb3 31. Bd3 Qa2 32. Qh6 Rxc2+ 33. Bxc2 {Black
resigns} 1-0

[Event "Team 45 45 League T46"]
[Site "Internet Chess Club"]
[Date "2010.08.30"]
[Round "4"]
[White "achessfool"]
[Black "UsuallySleepy"]
[Result "0-1"]
[WhiteElo "1475"]
[BlackElo "1776"]
[Opening "Petrov: classical attack, Chigorin variation"]
[ECO "C42"]
[Time "09:01:32"]
[TimeControl "2700+45"]

1. e4 e5 2. Nf3 Nf6 3. Nxe5 d6 4. Nf3 Nxe4 5. d4 d5 6. Bd3 Nc6 7. O-O Be7 8. Re1
Bf5 9. Nc3 Nxc3 10. bxc3 Bxd3 11. Qxd3 O-O 12. Rb1 b6 13. Qb5 Na5 14. Ne5 a6 15.
Qd3 f6 16. Ng4 Qd7 17. Qf3 Nc4 18. Ne3 Nxe3 19. Qxe3 Rfe8 20. Qe6+ Qxe6 21. Rxe6
Bd6 22. Rxe8+ Rxe8 23. Kf1 Kf7 24. g3 Kg6 25. Kg2 Re1 26. f4 Ba3 27. Kf2 Rxc1
28. Rxc1 Bxc1 29. Ke2 b5 30. Kd3 Kf5 31. h3 h5 32. h4 Kg4 33. Ke2 Kxg3 34. Kd1
Bxf4 {White resigns} 0-1

[Event "Team 45 45 League T46"]
[Site "Internet Chess Club"]
[Date "2010.08.28"]
[Round "4"]
[White "Muravey"]
[Black "TheronUAL"]
[Result "1-0"]
[WhiteElo "1658"]
[BlackElo "1489"]
[Opening "Caro-Kann: Panov-Botvinnik attack, 5...e6"]
[ECO "B14"]
[Time "09:31:08"]
[TimeControl "2700+45"]

1. e4 c6 2. d4 d5 3. exd5 cxd5 4. c4 Nf6 5. Nc3 e6 6. Be3 Bb4 7. Bd3 Nc6 8. Ne2
b6 9. O-O Bb7 10. a3 Bd6 11. b4 Qc7 12. Nb5 Qb8 13. Nxd6+ Qxd6 14. c5 Qd8 15. b5
Na5 16. c6 Nc4 17. Bxc4 dxc4 18. cxb7 Rb8 19. Qa4 Rxb7 20. Qxc4 O-O 21. Rac1 Nd5
22. Nf4 Rc7 23. Qd3 Nf6 24. Rxc7 Qxc7 25. Rc1 Qd7 26. a4 Rc8 27. Rxc8+ Qxc8 28.
h3 h6 29. d5 exd5 30. Nxd5 Nxd5 31. Qxd5 Qc2 32. Qa8+ Kh7 33. Qxa7 Qd1+ 34. Kh2
Qd6+ 35. g3 h5 36. Qxb6 Qb4 37. a5 h4 38. a6 hxg3+ 39. fxg3 Qe4 40. a7 Qf3 41.
Qd4 Qe2+ 42. Bf2 Qxb5 43. a8=Q Qe2 44. Qh4+ Kg6 45. Qc6+ Qe6 46. Qc2+ Qf5 47.
Qg4+ Kf6 48. Qcxf5+ Ke7 49. Qd7+ Kf8 50. Qd8# {Black checkmated} 1-0

[Event "Team 45 45 League T46"]
[Site "Internet Chess Club"]
[Date "2010.08.26"]
[Round "4"]
[White "Ivio"]
[Black "siddhu"]
[Result "1-0"]
[WhiteElo "1847"]
[BlackElo "1833"]
[Opening "QGD Slav: Dutch variation"]
[ECO "D18"]
[Time "16:03:01"]
[TimeControl "2700+45"]

1. d4 d5 2. Nf3 Nf6 3. c4 c6 4. Nc3 dxc4 5. a4 Bf5 6. e3 e6 7. Bxc4 Bb4 8. O-O
O-O 9. h3 Nbd7 10. Nh4 Ne4 11. Nxf5 Bxc3 12. Nxg7 Bb4 13. Nxe6 fxe6 14. Qg4+ Kh8
15. Qxe4 Qc7 16. Bd3 Rf7 17. d5 Bd6 18. dxe6 Re8 19. Qd4+ Be5 20. exf7 Bxd4 21.
fxe8=Q+ {Black resigns} 1-0

[Event "Team 45 45 League T46"]
[Site "Internet Chess Club"]
[Date "2010.08.29"]
[Round "4"]
[White "dscvdchk"]
[Black "Whalen"]
[Result "0-1"]
[WhiteElo "1485"]
[BlackElo "1578"]
[Opening "Benkö gambit half accepted"]
[ECO "A57"]
[Time "11:00:53"]
[TimeControl "2700+45"]

1. d4 Nf6 2. c4 c5 3. d5 b5 4. cxb5 a6 5. b6 Qxb6 6. Nc3 g6 7. Nf3 d6 8. e4 Bg7
9. Be2 Nbd7 10. Nd2 O-O 11. O-O Ne5 12. Kh1 Bd7 13. f4 Neg4 14. Nc4 Qc7 15. Rb1
Rfb8 16. h3 Nh6 17. Qc2 Bb5 18. a4 Bxc4 19. Bxc4 Nd7 20. b3 f5 21. e5 Kh8 22. e6
Nb6 23. Ne2 Ng8 24. g4 fxg4 25. hxg4 Nf6 26. Rg1 Nfxd5 27. Bxd5 Nxd5 28. Qe4 Rb4
29. Qxd5 Rf8 30. Bb2 Bxb2 31. Rxb2 Rfb8 32. Rgb1 Qc8 33. Kg2 Qf8 34. Qd2 Re4 35.
b4 c4 36. Qd5 Rxf4 37. Nxf4 Qxf4 38. Qf3 Qg5 39. Qc3+ Kg8 40. Qxc4 h5 41. Kg3
Qe3+ 42. Kh4 g5+ 43. Kxh5 Kg7 44. Qd4+ Qxd4 45. Kxg5 Qf6+ {White resigns} 0-1

[Event "Team 45 45 League T46"]
[Site "Internet Chess Club"]
[Date "2010.09.01"]
[Round "4"]
[White "slipkid"]
[Black "milesotoole"]
[Result "0-1"]
[WhiteElo "1625"]
[BlackElo "1416"]
[Opening "Sicilian: Alapin's variation (2.c3)"]
[ECO "B22"]
[Time "13:02:24"]
[TimeControl "2700+45"]

1. e4 c5 2. c3 g6 3. d4 cxd4 4. cxd4 d5 5. e5 Bg7 6. Nf3 Bg4 7. h3 Bxf3 8. Qxf3
Nh6 9. Bd3 Nc6 10. Be3 O-O 11. Nd2 e6 12. O-O f6 13. exf6 Rxf6 14. Qd1 Rf8 15.
Nf3 Nf5 16. Bxf5 Rxf5 17. Qd2 Qe7 18. Rfe1 Raf8 19. Nh2 Qf6 20. Ng4 Qh4 21. Bh6
Rxf2 22. Nxf2 Bxh6 23. Qe2 Nxd4 24. Qf1 Nc2 25. Rac1 Nxe1 26. Rxe1 Qf6 27. Qe2
Re8 28. Ng4 Qd4+ 29. Kh1 Bg7 30. Rd1 Qxb2 31. Rd2 Qb1+ 32. Kh2 Qe4 33. Qd1 h5
34. Re2 Qf4+ 35. g3 Qf3 36. Qe1 {White resigns} 0-1

[Event "Team 45 45 League T46"]
[Site "Internet Chess Club"]
[Date "2010.08.30"]
[Round "4"]
[White "rayonline53"]
[Black "SugarIslander"]
[Result "1-0"]
[WhiteElo "1558"]
[BlackElo "1673"]
[Opening "Caro-Kann defense"]
[ECO "B15"]
[Time "16:59:14"]
[TimeControl "2700+45"]

1. e4 c6 2. d4 d5 3. Nc3 Nd7 4. exd5 cxd5 5. Nxd5 Qa5+ 6. Nc3 Ngf6 7. Bd2 Qb6 8.
Nf3 Qxb2 9. Rb1 Qa3 10. Nb5 Qxa2 11. Nc7+ Kd8 12. Nxa8 e5 13. dxe5 Ne4 14. Bd3
Qa4 15. O-O Bc5 16. Bxe4 Qxe4 17. Re1 Qc6 18. Be3 b6 19. Bxc5 Qxc5 20. Qd6 Bb7
21. Nxb6 Qxd6 22. exd6 Nxb6 23. Re7 Bd5 24. Rxa7 Nd7 25. Ne5 {Black resigns} 1-0

[Event "Team 45 45 League T46"]
[Site "Internet Chess Club"]
[Date "2010.08.27"]
[Round "4"]
[White "oldsj"]
[Black "oldprez"]
[Result "1-0"]
[WhiteElo "1637"]
[BlackElo "1305"]
[Opening "Caro-Kann: Panov-Botvinnik attack"]
[ECO "B13"]
[Time "19:00:27"]
[TimeControl "2700+45"]

1. e4 c6 2. d4 d5 3. exd5 cxd5 4. c4 Nf6 5. Nc3 Bf5 6. Qb3 dxc4 7. Bxc4 e6 8.
Nf3 b6 9. O-O Bd6 10. Bg5 O-O 11. Ne5 a6 12. Rad1 b5 13. Be2 Be7 14. Bf3 Ra7 15.
d5 Bd6 16. Nc6 Nxc6 17. dxc6 b4 18. Ne2 Qe7 19. Be3 Rc7 20. Bb6 Rcc8 21. Nd4 Be4
22. Rfe1 Bxf3 23. Nf5 Bxh2+ 24. Kh1 Qe8 25. Qxf3 Rxc6 26. Qxc6 Qxc6 27. Ne7+ Kh8
28. Nxc6 Ng4 29. Rd8 Rxd8 30. Nxd8 Be5 31. Nxf7+ {Black resigns} 1-0

[Event "Team 45 45 League T46"]
[Site "Internet Chess Club"]
[Date "2010.08.30"]
[Round "4"]
[White "radiohead"]
[Black "Mark-SF"]
[Result "0-1"]
[WhiteElo "1327"]
[BlackElo "1713"]
[Opening "QGD: Capablanca-Duras variation"]
[ECO "D30"]
[Time "21:02:06"]
[TimeControl "2700+45"]

1. d4 d5 2. c4 e6 3. Nf3 Nf6 4. Bg5 h6 5. Bh4 Bb4+ 6. Nc3 g5 7. Bg3 Ne4 8. e3
Nxc3 9. bxc3 Bxc3+ 10. Nd2 Bxa1 11. Qxa1 Nc6 12. a3 Ne7 13. Bd3 Nf5 14. Nf3 Nxg3
15. hxg3 Qe7 16. Ne5 Bd7 17. O-O dxc4 18. Bxc4 O-O 19. Bd3 Be8 20. f4 f6 21. Ng6
Bxg6 22. Bxg6 c5 23. Qa2 cxd4 24. Bf5 dxe3 25. Bxe6+ Kh8 26. Re1 Qc5 27. Kh2
gxf4 28. gxf4 Qd4 29. g3 Qd2+ 30. Qxd2 exd2 {White resigns} 0-1

[Event "Team 45 45 League T46"]
[Site "Internet Chess Club"]
[Date "2010.08.29"]
[Round "4"]
[White "rom1"]
[Black "SeniorCitizen"]
[Result "0-1"]
[WhiteElo "1481"]
[BlackElo "1295"]
[Opening "QGD: exchange variation"]
[ECO "D35"]
[Time "13:01:26"]
[TimeControl "2700+45"]

1. d4 d5 2. c4 e6 3. Nc3 Nf6 4. cxd5 Nxd5 5. e4 Nxc3 6. bxc3 Be7 7. Nf3 O-O 8.
Bd3 f5 9. exf5 exf5 10. O-O Nd7 11. Qc2 Nb6 12. Qb3+ Kh8 13. Ne5 Qd5 14. Ba3 Bd6
15. Bxd6 cxd6 16. Nc4 Be6 17. Nxb6 Qxb3 18. axb3 axb6 19. c4 g6 20. Rfe1 Rae8
21. Ra7 Bc8 22. Raa1 Bd7 23. Kf1 Bc6 24. d5 Bd7 25. Ra7 Rxe1+ 26. Kxe1 Bc8 27.
Ra8 Kg7 28. Ra5 Kf6 29. Rb5 Ke5 30. Rxb6 Rd8 31. Kd2 Kd4 32. Rb4 g5 33. Ra4 h5
34. Ra1 Re8 35. Bc2 Kc5 36. Re1 Rxe1 37. Kxe1 Kd4 38. Kd2 Kc5 39. Kc3 f4 40. f3
g4 41. Bd1 g3 42. hxg3 fxg3 43. f4 h4 44. b4+ Kb6 45. Kd4 h3 46. gxh3 g2 47. c5+
Kc7 {White resigns} 0-1

[Event "Team 45 45 League T46"]
[Site "Internet Chess Club"]
[Date "2010.08.30"]
[Round "4"]
[White "perikitosax"]
[Black "Stryker672"]
[Result "1/2-1/2"]
[WhiteElo "2002"]
[BlackElo "1970"]
[Opening "QGD: Cambridge Springs defense, 7.cd"]
[ECO "D52"]
[Time "13:21:07"]
[TimeControl "2700+45"]

1. d4 Nf6 2. Nf3 d5 3. c4 e6 4. Nc3 Nbd7 5. Bg5 c6 6. e3 Qa5 7. cxd5 exd5 8. Bd3
Ne4 9. Qc2 Nxg5 10. Nxg5 h6 11. Nf3 Bd6 12. O-O Nf6 13. a3 Bg4 14. b4 Qc7 15. h3
Bxf3 16. gxf3 Qe7 17. Rfb1 O-O 18. b5 Bxa3 19. bxc6 bxc6 20. Qa4 Bd6 21. Qa6
Rfc8 22. Rb7 Rc7 23. Rab1 g6 24. Na4 Qd7 25. Bf1 Rxb7 26. Rxb7 Qc8 27. Rb2 Qxa6
28. Bxa6 Rb8 29. Rxb8+ Bxb8 30. Bb7 Kf8 31. Bxc6 {Game drawn by mutual
agreement} 1/2-1/2

[Event "Team 45 45 League T46"]
[Site "Internet Chess Club"]
[Date "2010.08.29"]
[Round "4"]
[White "zachi"]
[Black "spunni"]
[Result "0-1"]
[WhiteElo "1933"]
[BlackElo "1869"]
[Opening "Polish (Sokolsky) opening"]
[ECO "A00"]
[Time "09:00:43"]
[TimeControl "2700+45"]

1. b4 e5 2. Bb2 Bxb4 3. Bxe5 Nf6 4. c4 O-O 5. a3 Ba5 6. Nf3 Re8 7. e3 Nc6 8. Bb2
d5 9. cxd5 Nxd5 10. Be2 Bg4 11. O-O Qd6 12. d4 Rad8 13. Ne5 Bxe2 14. Qxe2 Nxe5
15. dxe5 Qe6 16. Rc1 b6 17. Rc2 Qg6 18. h3 Re7 19. a4 Red7 20. Ba3 Qe4 21. Raa2
Qxe5 22. Qg4 Nf6 {White resigns} 0-1

[Event "Team 45 45 League T46"]
[Site "Internet Chess Club"]
[Date "2010.08.31"]
[Round "4"]
[White "tsia68"]
[Black "giltar"]
[Result "1/2-1/2"]
[WhiteElo "1870"]
[BlackElo "1906"]
[Opening "Caro-Kann: closed (Breyer) variation"]
[ECO "B10"]
[Time "15:00:42"]
[TimeControl "2700+45"]

1. e4 c6 2. d3 d5 3. Nd2 e5 4. Ngf3 Bd6 5. d4 exd4 6. exd5 cxd5 7. Nxd4 Ne7 8.
N2f3 Nbc6 9. Be2 O-O 10. O-O Nf5 11. Nxf5 Bxf5 12. c3 Bc5 13. Qb3 Bb6 14. Bg5
Qd7 15. Rad1 Be6 16. Rfe1 h6 17. Bf4 Rac8 18. Bf1 Rfd8 19. Be3 Bxe3 20. fxe3 Qc7
21. Nd4 Bg4 22. Be2 Ne5 23. Bxg4 Nxg4 24. Nf3 Nf6 25. Rd4 Re8 26. Qd1 b5 27. Qd3
Qa5 28. a3 Qb6 29. Qf5 Rc4 30. Ne5 Rc7 31. Ng4 Nxg4 32. Qxg4 Rce7 33. Qf3 Re4
34. Kf1 Qe6 35. Re2 Re5 36. Kg1 Qg6 37. Rxd5 {Game drawn by mutual agreement}
1/2-1/2

[Event "Team 45 45 League T46"]
[Site "Internet Chess Club"]
[Date "2010.08.31"]
[Round "4"]
[White "Holzschlange"]
[Black "CapitanTrueno"]
[Result "1/2-1/2"]
[WhiteElo "1849"]
[BlackElo "1803"]
[Opening "English opening"]
[ECO "A16"]
[Time "11:01:32"]
[TimeControl "2700+45"]

1. c4 Nf6 2. Nc3 g6 3. g3 Bg7 4. Bg2 d6 5. e4 O-O 6. Nge2 e5 7. O-O Nc6 8. d3
Nd4 9. h3 Nxe2+ 10. Nxe2 c6 11. Rb1 Qc7 12. f4 Nh5 13. f5 Nf6 14. Bg5 h6 15. Be3
Kh7 16. b4 Rd8 17. b5 Qe7 18. bxc6 bxc6 19. Qa4 Bd7 20. c5 d5 21. exd5 Nxd5 22.
Bxd5 cxd5 23. c6 Bxf5 24. Rb7 Qe8 25. g4 Be6 26. d4 Rdc8 27. dxe5 Bxe5 28. Bd4
Bd6 29. Rc1 Rc7 30. Ba1 Rac8 31. Qd4 Qf8 32. Rxc7 {Game drawn by mutual
agreement} 1/2-1/2

[Event "Team 45 45 League T46"]
[Site "Internet Chess Club"]
[Date "2010.08.30"]
[Round "4"]
[White "DTK"]
[Black "Ptzz"]
[Result "1-0"]
[WhiteElo "2187"]
[BlackElo "2061"]
[Opening "Ruy Lopez: closed, Pilnik variation"]
[ECO "C90"]
[Time "12:00:10"]
[TimeControl "2700+45"]

1. e4 e5 2. Nf3 Nc6 3. Bb5 a6 4. Ba4 Nf6 5. O-O Be7 6. Re1 b5 7. Bb3 d6 8. c3
O-O 9. d3 Na5 10. Bc2 c5 11. Nbd2 Nc6 12. Nf1 Re8 13. Ng3 g6 14. h3 Bf8 15. Be3
Bg7 16. Qd2 a5 17. a4 b4 18. d4 bxc3 19. bxc3 cxd4 20. cxd4 Ba6 21. Bb3 exd4 22.
Nxd4 Nb4 23. Bh6 Bh8 24. Re3 Ra7 25. Rd1 d5 26. Nf3 Qb6 27. exd5 Rxe3 28. Bxe3
Qb8 29. Bxa7 Qxa7 30. d6 Nd7 31. Ne4 Nd3 32. Nfg5 N7e5 33. Qxa5 Nc6 34. Qd5 Nd4
35. d7 {Black resigns} 1-0

[Event "Team 45 45 League T46"]
[Site "Internet Chess Club"]
[Date "2010.08.28"]
[Round "4"]
[White "Jack-ONeill"]
[Black "bobhill"]
[Result "1/2-1/2"]
[WhiteElo "2045"]
[BlackElo "2025"]
[Opening "Queen's pawn game"]
[ECO "D02"]
[Time "10:01:53"]
[TimeControl "2700+45"]

1. d4 d5 2. Nf3 e6 3. Bf4 Nf6 4. e3 Be7 5. Bd3 O-O 6. Nbd2 c5 7. c3 Qb6 8. Qc2
c4 9. Be2 Nc6 10. Ne5 Nxe5 11. dxe5 Nd7 12. Nf3 h6 13. O-O Nc5 14. Nd4 Bd7 15.
Bg3 Ne4 16. Bf4 Rac8 17. f3 Nc5 18. e4 dxe4 19. Bxc4 Nd3 20. Bxd3 exd3 21. Qb3
Qa6 22. Qd1 Bc5 23. Be3 Qc4 24. Qd2 Qd5 25. f4 Rfd8 26. Qxd3 Bxd4 27. Qxd4 Qb5
28. Qxa7 Qxb2 29. Rab1 Qc2 30. Rfc1 Qe2 31. Re1 Qc2 32. Rec1 Qe2 33. Re1 Qc2 34.
Rec1 {Game drawn by repetition} 1/2-1/2

[Event "Team 45 45 League T46"]
[Site "Internet Chess Club"]
[Date "2010.08.31"]
[Round "4"]
[White "bgolev"]
[Black "Zumbi"]
[Result "0-1"]
[WhiteElo "1841"]
[BlackElo "1997"]
[Opening "Sicilian: dragon, Yugoslav attack, 9...Bd7"]
[ECO "B77"]
[Time "20:03:58"]
[TimeControl "2700+45"]

1. e4 c5 2. Nf3 d6 3. d4 cxd4 4. Nxd4 Nf6 5. Nc3 g6 6. Be3 Bg7 7. f3 Nc6 8. Qd2
O-O 9. Bc4 Bd7 10. O-O Rc8 11. Nxc6 Bxc6 12. Bb3 Qc7 13. Nd5 Nxd5 14. exd5 Bb5
15. Rfb1 a5 16. Bd4 Bxd4+ 17. Qxd4 a4 18. Bxa4 Bxa4 19. Qxa4 Qc5+ 20. Kf1 Qxd5
21. c3 Rc4 22. Qc2 Rfc8 23. Rd1 Qe5 24. g3 b5 25. a3 h5 26. Re1 Qf6 27. Kg2 h4
28. Re3 Kg7 29. Rae1 e6 30. Qd3 d5 31. R3e2 R8c5 32. Re5 Qd8 33. Qe3 Rc6 34. Rd1
Qd7 35. Qf2 f6 36. Re4 h3+ 37. Kxh3 e5+ 38. g4 Qe6 39. Rxc4 bxc4 40. Qa7+ Kg8
41. Qa8+ Kf7 42. Qb7+ Ke8 43. Qa8+ Kd7 44. Qb7+ Kd6 45. Qb8+ Ke7 46. Qb7+ Kf8
47. Qa8+ Kg7 48. Qa7+ Kh8 49. Qa8+ Kh7 50. Qa7+ Kh6 51. Qe3+ g5 52. Kg3 Kg6 53.
h4 gxh4+ 54. Kxh4 Rc8 55. Kg3 f5 56. gxf5+ Kxf5 57. Rh1 Rg8+ 58. Kf2 Qg6 59. Qe1
Qg2+ 60. Ke3 d4+ 61. cxd4 exd4+ 62. Kxd4 Qxb2+ 63. Kxc4 Qc2+ {White forfeits on
time} 0-1

[Event "Team 45 45 League T46"]
[Site "Internet Chess Club"]
[Date "2010.08.27"]
[Round "4"]
[White "Guoruey"]
[Black "Beddathanme"]
[Result "1/2-1/2"]
[WhiteElo "1937"]
[BlackElo "1793"]
[Opening "Sicilian: Hungarian variation"]
[ECO "B27"]
[Time "20:21:56"]
[TimeControl "2700+45"]

1. e4 c5 2. Nf3 g6 3. Bc4 Bg7 4. Nc3 Nc6 5. d3 d6 6. h3 a6 7. a4 Nf6 8. O-O O-O
9. Be3 e6 10. Qe1 Nb4 11. Bb3 b6 12. Rd1 Bb7 13. Bg5 Qc7 14. d4 c4 15. Bxf6 Bxf6
16. Na2 cxb3 17. Nxb4 bxc2 18. Rc1 Qd7 19. Rxc2 Qxa4 20. Rc7 Rab8 21. e5 dxe5
22. Nxe5 Bxe5 23. dxe5 a5 24. Nd3 Ba6 25. Qe3 Rfc8 26. Rfc1 Rxc7 27. Rxc7 Qd1+
28. Ne1 Be2 29. Qc3 Rd8 30. Kh2 Rd2 31. Qe3 Kg7 32. Qf4 Rd7 33. Qf6+ Kh6 34.
Qf4+ Kg7 35. Qf6+ Kh6 36. Qf4+ {Game drawn by mutual agreement} 1/2-1/2

[Event "Team 45 45 League T46"]
[Site "Internet Chess Club"]
[Date "2010.08.27"]
[Round "4"]
[White "mickeys"]
[Black "TerryMalloy"]
[Result "1-0"]
[WhiteElo "1928"]
[BlackElo "1996"]
[Opening "QGA: classical, 6...a6"]
[ECO "D27"]
[Time "20:00:37"]
[TimeControl "2700+45"]

1. d4 Nf6 2. Nf3 d5 3. c4 dxc4 4. e3 e6 5. Bxc4 c5 6. O-O a6 7. dxc5 Bxc5 8.
Qxd8+ Kxd8 9. Nc3 Ke7 10. e4 b5 11. Be2 Bb7 12. e5 Nfd7 13. Bg5+ f6 14. exf6+
gxf6 15. Bf4 Nc6 16. Rad1 Rad8 17. Ne4 e5 18. Nxc5 Nxc5 19. Be3 Ne6 20. Rfe1
Rxd1 21. Rxd1 Rd8 22. Rxd8 Kxd8 23. Bd3 h5 24. Bg6 Ncd4 25. Nxd4 exd4 26. Bd2 h4
27. f3 Bd5 28. b3 Kd7 29. h3 Kd6 30. Kf1 Ke5 31. Be1 f5 32. Bxh4 a5 33. Be1 a4
34. bxa4 bxa4 35. a3 Bc4+ 36. Kg1 Nc7 37. Bg3+ f4 38. Be1 Nb5 39. Bb4 d3 40. Kf2
Kd4 41. Ke1 Nxa3 42. Bxa3 Kc3 43. Bc1 Kc2 44. Bxf4 a3 45. h4 a2 46. Be5 Bf7 47.
Bf5 Be6 48. Bxd3+ Kxd3 49. Kf2 Kc4 50. Ke3 Kd5 51. Kf4 Bd7 52. g4 Ke6 53. Bc3
Kf7 54. h5 Kg8 55. g5 Kh7 56. Ke5 Ba4 57. f4 Bd1 58. h6 Bc2 59. Kf6 {Black
resigns} 1-0

[Event "Team 45 45 League T46"]
[Site "Internet Chess Club"]
[Date "2010.08.27"]
[Round "4"]
[White "Chess2Play"]
[Black "cknights"]
[Result "0-1"]
[WhiteElo "1669"]
[BlackElo "1832"]
[Opening "QGD"]
[ECO "D52"]
[Time "15:33:36"]
[TimeControl "2700+45"]

1. d4 d5 2. c4 c6 3. Nc3 Nf6 4. Bg5 e6 5. e3 Nbd7 6. Nf3 Bd6 7. Bd3 h6 8. Bh4
Qc7 9. cxd5 exd5 10. Bf5 O-O 11. Bxf6 Nxf6 12. Bxc8 Raxc8 13. Qd3 Rfe8 14. Rc1
a6 15. O-O Qe7 16. Rfe1 Ne4 17. Na4 b5 18. Nc3 Bb4 19. Ne5 f6 20. Ng6 Qf7 21.
Nf4 g5 22. Nfe2 f5 23. a3 Bd6 24. Nxe4 fxe4 25. Qd1 Rf8 26. Rf1 h5 27. Ng3 h4
28. Nh1 Kg7 29. Qg4 Qe7 30. f3 exf3 31. Rxf3 Rxf3 32. Qxf3 Rf8 33. Qe2 Bf4 34.
Re1 Re8 35. e4 dxe4 36. Nf2 e3 37. Ng4 Qe4 38. Ne5 Bxe5 39. dxe5 Qxe5 40. Rd1
Re7 41. h3 Qg3 42. Rd3 c5 43. b3 g4 44. Qxg4+ Qxg4 45. hxg4 e2 {White resigns}
0-1

[Event "Team 45 45 League T46"]
[Site "Internet Chess Club"]
[Date "2010.08.29"]
[Round "4"]
[White "pishd"]
[Black "RandyPCC"]
[Result "0-1"]
[WhiteElo "1626"]
[BlackElo "1808"]
[Opening "Queen's bishop game"]
[ECO "D02"]
[Time "09:06:20"]
[TimeControl "2700+45"]

1. d4 d5 2. Nf3 Nf6 3. Bf4 c6 4. c3 Bg4 5. Nbd2 e6 6. h3 Bh5 7. g4 Bg6 8. Ne5
Bd6 9. Nxg6 fxg6 10. Bxd6 Qxd6 11. Bg2 O-O 12. Qb3 Qc7 13. O-O Nbd7 14. e4 Nb6
15. e5 Nfd7 16. Qc2 c5 17. Rac1 Rac8 18. Qd1 Qd8 19. b3 Qg5 20. Nf3 Qf4 21. Qd2
Qf7 22. Ng5 Qe7 23. Nf3 c4 24. b4 Qf7 25. Ng5 Qe7 26. Nf3 Rce8 27. Nh2 g5 28. f4
gxf4 29. Rxf4 Rxf4 30. Qxf4 Rf8 31. Qe3 Na4 32. Rc2 Rf7 33. g5 Nf8 34. h4 Ng6
35. h5 Nf4 36. g6 hxg6 37. h6 gxh6 38. Ng4 Qg5 39. Nf6+ Kh8 40. Rf2 Nh5 41. Qxg5
hxg5 42. Ne8 Rxf2 43. Kxf2 Nf4 44. Nd6 Nxc3 45. Nxb7 Nxg2 46. Kxg2 Nxa2 47. Kf2
c3 48. Ke2 c2 49. Kd2 c1=Q+ {White resigns} 0-1

[Event "Team 45 45 League T46"]
[Site "Internet Chess Club"]
[Date "2010.08.29"]
[Round "4"]
[White "Nakke"]
[Black "LazyPeon"]
[Result "0-1"]
[WhiteElo "1836"]
[BlackElo "1662"]
[Opening "Bird's opening"]
[ECO "A03"]
[Time "08:00:09"]
[TimeControl "2700+45"]

1. f4 d5 2. Nf3 Bf5 3. b3 Nf6 4. Bb2 Nbd7 5. e3 e6 6. h3 Ne4 7. g4 Bg6 8. Rg1
Be7 9. g5 f6 10. h4 c6 11. d3 Nd6 12. Bh3 Bf5 13. Bxf5 exf5 14. Nd4 Qb6 15. gxf6
Bxf6 16. Qh5+ g6 17. Rxg6 O-O-O 18. Rxf6 Nxf6 19. Qf3 Rhe8 20. Nd2 c5 21. Ne2
Ng4 22. e4 dxe4 23. dxe4 Nxe4 24. O-O-O Qd6 {White resigns} 0-1

[Event "Team 45 45 League T46"]
[Site "Internet Chess Club"]
[Date "2010.08.31"]
[Round "4"]
[White "AntMantis"]
[Black "LucaTrapani"]
[Result "1/2-1/2"]
[WhiteElo "2049"]
[BlackElo "1957"]
[Opening "Dutch with c4 & Nc3"]
[ECO "A85"]
[Time "21:34:14"]
[TimeControl "2700+45"]

1. d4 f5 2. c4 Nf6 3. Nc3 e6 4. Nf3 d5 5. Bf4 c6 6. e3 Be7 7. Bd3 O-O 8. O-O Bd7
9. c5 Ne4 10. Qc2 Be8 11. h3 Nd7 12. b4 g5 13. Bh2 Nxc3 14. Qxc3 Bh5 15. Ne5 Nf6
16. f3 Nd7 17. Qc2 Nxe5 18. Bxe5 Bf6 19. Bd6 Be7 20. Bxe7 Qxe7 21. a4 Qg7 22. b5
f4 23. Qf2 Bg6 24. Bxg6 hxg6 25. exf4 Rxf4 26. Rad1 e5 27. g3 Rf5 28. Qe3 Raf8
29. Kg2 Qf6 30. dxe5 Rxe5 31. Qd4 Rfe8 32. Rf2 Qe7 33. Rdd2 Kf7 {Game drawn by
mutual agreement} 1/2-1/2

[Event "Team 45 45 League T46"]
[Site "Internet Chess Club"]
[Date "2010.08.29"]
[Round "4"]
[White "Harmonicus"]
[Black "Karan99"]
[Result "1-0"]
[WhiteElo "1912"]
[BlackElo "1720"]
[Opening "Bishop's opening: Berlin defense"]
[ECO "C24"]
[Time "18:00:27"]
[TimeControl "2700+45"]

1. e4 e5 2. Bc4 Nf6 3. d3 Nc6 4. Nc3 Bc5 5. f4 d6 6. Nf3 O-O 7. Na4 Bb6 8. Nxb6
axb6 9. O-O Bg4 10. c3 Qe7 11. Bb3 Rfd8 12. f5 d5 13. h3 Bxf3 14. Qxf3 dxe4 15.
dxe4 Qc5+ 16. Kh1 Na5 17. Bc2 Nc4 18. Qf2 Qxf2 19. Rxf2 Nd7 20. b3 Na3 21. Bxa3
Rxa3 22. Rd2 Raa8 23. Rad1 Rxa2 24. Rxd7 Rxd7 25. Rxd7 h6 26. Rd2 c5 27. c4 Kf8
28. Kg1 Ke7 29. Kf2 Kf6 30. Ke3 Kg5 31. g3 h5 32. Bd1 Rxd2 33. Kxd2 h4 34. gxh4+
Kxh4 35. Bg4 f6 36. Ke3 Kg3 37. Bh5 Kxh3 38. Kf3 Kh4 39. Bg4 Kg5 40. Kg3 Kh6 41.
Kh4 Kh7 42. Bh5 Kh6 43. Bf7 Kh7 44. Kh5 Kh8 45. Kg6 b5 46. cxb5 b6 47. Be8 Kg8
48. Bc6 Kf8 49. Bd5 Ke7 50. Kxg7 Kd7 51. Kxf6 {Black resigns} 1-0

[Event "Team 45 45 League T46"]
[Site "Internet Chess Club"]
[Date "2010.08.28"]
[Round "4"]
[White "dagger132"]
[Black "ghostfire"]
[Result "0-1"]
[WhiteElo "1216"]
[BlackElo "1677"]
[Opening "QGD Slav defense"]
[ECO "D10"]
[Time "19:13:12"]
[TimeControl "2700+45"]

1. d4 d5 2. c4 c6 3. Nc3 dxc4 4. e3 b5 5. a4 Qa5 6. Nf3 b4 7. Na2 Ba6 8. Bd2 c3
9. bxc3 Bxf1 10. cxb4 Qb6 11. Rxf1 Nf6 12. a5 Qc7 13. Rc1 a6 14. Qa4 Ne4 15. Ne5
Nxd2 16. Kxd2 Ra7 17. Nxc6 Qd7 18. Rc2 Rc7 19. Rh1 Rxc6 20. Rxc6 Qxc6 21. Qxc6+
Nxc6 22. Kc3 e6 23. Rc1 Kd7 24. Kd3 Nxb4+ 25. Nxb4 Bxb4 26. Ra1 Rc8 27. Ra4 Bd6
28. h3 Rb8 29. Kc4 Rb5 30. e4 Bc7 31. d5 exd5+ 32. exd5 Rxa5 33. Rxa5 Bxa5 34.
Kc5 Be1 35. f3 a5 36. Kb5 Kd6 37. Kc4 a4 38. Kd3 a3 39. Kc2 Kxd5 40. Kb3 Kd4 41.
Kxa3 Ke3 42. Kb3 Kf2 {White resigns} 0-1

[Event "Team 45 45 League T46"]
[Site "Internet Chess Club"]
[Date "2010.08.30"]
[Round "4"]
[White "Constrictor"]
[Black "AnandPM"]
[Result "1-0"]
[WhiteElo "1722"]
[BlackElo "990"]
[Opening "QGD Slav: 4.Nc3"]
[ECO "D15"]
[Time "20:01:57"]
[TimeControl "2700+45"]

1. Nf3 d5 2. d4 Nf6 3. c4 c6 4. Nc3 Nbd7 5. cxd5 cxd5 6. Qa4 a6 7. Bg5 b5 8.
Nxb5 g6 9. e3 Bg7 10. Nc3 O-O 11. Bd3 Nb6 12. Qa5 Ne4 13. Nxe4 dxe4 14. Bxe4 Rb8
15. Bf4 e5 16. Nxe5 Nd5 17. Qxd8 Rxd8 18. Nc6 Nxf4 19. Nxd8 Ne6 20. Nxe6 Bxe6
21. b3 f5 22. Bd3 Bd5 23. O-O Rc8 24. Rfc1 Re8 25. Bc4 Bxc4 26. Rxc4 h6 27. Rac1
Kh7 28. Rc8 Re6 29. R1c6 Rxc6 30. Rxc6 a5 31. Ra6 {Black resigns} 1-0